 Dungeon Crawl Stone Soup version 0.30-a0-34-gbe8da3892a (webtiles) character file.

Game seed: 10878978306171034966

8 ytrimaz the Insei (level 2, -3/18 HPs)
             Began as an Octopode Transmuter on Aug 28, 2022.
             Slain by a quokka (4 damage)
             ... on level 1 of the Dungeon.
             The game lasted 00:00:37 (573 turns).

ytrimaz the Insei (Octopode Transmuter)              Turns: 573, Time: 00:00:37

Health: -3/18      AC:  1    Str:  9    XL:     2   Next: 8%
Magic:  4/5        EV: 13    Int: 15    God:
Gold:   3          SH:  0    Dex: 12    Spells: 4/5 levels left

rFire   . . .      SeeInvis .      - Unarmed
rCold   . . .      Faith    .    (no shield)
rNeg    . . .      Spirit   .    (helmet currently unavailable)
rPois   .          Reflect  .    (no amulet)
rElec   .          Harm     .    (no ring)
rCorr   .          Rampage  .    (no ring)
Will    .....                    (no ring)
Stlth   ++........               (no ring)
HPRegen 0.06/turn                (no ring)
MPRegen 0.09/turn                (no ring)
                                 (no ring)
                                 (no ring)

@: appendages
A: tentacle spike 3, almost no armour, amphibious, 8 rings, camouflage 1,
gelatinous body 1, (nimble swimmer 1), tentacles
a: End Transformation


You were on level 1 of the Dungeon.
One of your tentacles had grown a beastly spike.
You visited 1 branch of the dungeon, and saw 1 of its levels.

You collected 3 gold pieces.

Inventory:

Scrolls
 c - a scroll of vulnerability {unknown}
 d - a scroll of fog {unknown}
 e - a scroll of immolation {unknown}
Potions
 a - a potion of invisibility {unknown}
 b - a potion of magic {unknown}


   Skills:
 - Level 1.0 Fighting
 - Level 2.0 Dodging
 + Level 3.5 Unarmed Combat
 - Level 2.0 Spellcasting
 - Level 2.0 Transmutations


You had 4 spell levels left.
You knew the following spells:

 Your Spells              Type           Power      Damage    Failure   Level
a - Beastly Appendage     Tmut           14%        N/A       10%         1

Your spell library contained the following spells:

 Spells                   Type           Power      Damage    Failure   Level
 Wereblood                Tmut           7%         N/A       14%         2
 Spider Form              Tmut/Pois      4%         N/A       41%         3
 Gell's Gravitas          Tloc           1%         N/A       54%         3
 Teleport Other           Tloc           1%         N/A       54%         3
 Ice Form                 Ice/Tmut       4%         N/A       82%         4
 Dispersal                Tloc           0%         N/A       100%        6


Dungeon Overview and Level Annotations

Branches:
Dungeon (1/15)

Altars:


Innate Abilities, Weirdness & Mutations

One of your tentacles has grown a beastly spike.
You cannot wear most types of armour.
You are amphibious.
You can wear up to eight rings at the same time.
Your skin changes colour to match your surroundings (Stealth+).
Your rubbery body absorbs attacks. (AC +1, EV +1)
((You are camouflaged when in or above water. (Stealth+)))
You have tentacles for arms and can constrict up to eight enemies at once.


Message History

The bat is severely wounded.
Your tentacle spike disappears.
You constrict the bat.
You kill the bat!
d - a scroll labelled POCIM BENIGG
e - a scroll labelled QAME AJ CEAF You see here a +0 spear.
You pick up a There-And-Back Book and begin reading...
You add the spells Gell's Gravitas, Teleport Other and Dispersal to your library.
An endoplasm comes into view.
An endoplasm is nearby!
Okay, then.
An endoplasm is nearby!
An endoplasm comes into view.
One of your tentacles grows a vicious spike.
Found a dagger and a scroll labelled ENUIPTITOO.
A quokka and a goblin come into view.
The goblin shouts!
The goblin moves out of view.
The endoplasm quivers.
The endoplasm freezes you.
You are frozen.
You tentacle-slap the endoplasm but do no damage.
The endoplasm freezes you.
You are frozen.
You tentacle-slap the endoplasm but do no damage.
The endoplasm closely misses you.
You tentacle-slap the endoplasm.
The endoplasm is lightly wounded.
The quokka closely misses you. The endoplasm freezes you.
You are frozen.
Unknown command.
The quokka bites you. The goblin hits you with a +0 club. The quokka bites you.
* * * LOW HITPOINT WARNING * * *
The goblin attacks as you move away! The goblin hits you with a +0 club.
* * * LOW HITPOINT WARNING * * *
The quokka attacks as you move away! The quokka bites you.
You die...

####### ## #.# #.....#
..###.# #.....#### ....#.#
#.......). #.#.#.#
#......... .## #.#.#.#
#.........
....####.#.#.####.........
........g#.#.##...........
........J@................
...#...r..####...[.......
.........### #####....†..
...).....# #.......
.....J...# #....###
......##.# ###### ...?..
#.. ## ...... ##.
#......##. ...... .##
#......##.


You could see 2 endoplasms, a quokka and a goblin.

Vanquished Creatures
  2 bats (D:1)
  2 giant cockroaches (D:1)
  A goblin (D:1)
  A ball python (D:1)
  A frilled lizard (D:1)
  A kobold (D:1)
8 creatures vanquished.

Notes
Turn   | Place    | Note
-------+----------+-------------------------------------------
     0 | D:1      | ytrimaz the Octopode Transmuter began the quest for the
                  | Orb.
     0 | D:1      | Reached XP level 1. HP: 13/13 MP: 3/3
   397 | D:1      | Reached XP level 2. HP: 18/18 MP: 3/5
   573 | D:1      | Slain by a quokka

Illustrated notes

Levels and vault maps discovered:
D:1:      amcnicky_arrival_gap_in_the_tavern_cellar, layout_basic

Action                   || total
-------------------------++-------
Melee: Unarmed           ||    17
       Constrict         ||     3
       Kick              ||     2
       Tentacles         ||     1
 Cast: Beastly Appendage ||     5
  Use: Potion            ||     1
 Stab: Sleeping          ||     3
Armor: Skin              ||     6
Dodge: Dodged            ||    11

Table legend: (Time is in decaauts)
 A = Elapsed time spent in this place.
 B = Non-inter-level travel time spent in this place.
 C = Inter-level travel time spent in this place.
 D = Time resting spent in this place.
 E = Time spent auto-exploring this place.
 F = Levels seen in this place.
 G = Mean time per level.
                   A        B        C        D        E       F      G
               +--------+--------+--------+--------+--------+-----+--------+
         Total |    572 |    572 |      0 |      3 |    491 |   1 |  572.0 |
       Dungeon |    572 |    572 |      0 |      3 |    491 |   1 |  572.0 |
               +--------+--------+--------+--------+--------+-----+--------+

Top non-repeatable levels by time:
     D:1: 572 daAuts
